Map: Abyssal Reef LE

Players

Bly - Winner!

  • Race: Zerg Zerg
  • Spawn Location: 5:00

Has

  • Race: Protoss Protoss
  • Spawn Location: 11:00

Event: WCS Valencia 2017

VOD

Have the link to the VOD?

Description

Time

  • Played on: July 13, 2017, 12:47 p.m.
  • Length: 10:20

All games in this series

Show
View Real Time Build Order
Export as new Build Order

Bly Zerg - Winner!

Build Orders: Hatch First 

Get SALT Encoding   

  12  0:01  Drone  
  13  0:12  Overlord  
  13  0:18  Drone  
  14  0:30  Drone x2  
  16  0:36  Drone  
  17  0:52  Hatchery  
  16  1:05  Spawning Pool  
  16  1:08  Drone  
  16  1:12  Drone  
  16  1:15  Drone  
  18  1:21  Extractor  
  17  1:27  Drone  
  18  1:35  Drone  
  19  1:49  Overlord  
  19  1:52  Queen  
  19  1:54  Zergling x2  
  22  2:03  Queen  
  22  2:05  Zergling x2  
  25  2:08  Drone  
  25  2:13  Drone  
  27  2:17  Drone  
  28  2:28  Drone x2  
  30  2:32  Metabolic Boost  
  30  2:46  Hatchery  
  30  2:50  Drone x2  
  31  2:55  Overlord  
  30  3:07  Drone x5  
  35  3:16  Drone x3  
  37  3:23  Queen  
  39  3:28  Overlord  
  39  3:33  Drone  
  39  3:34  Drone x3  
  43  3:36  Drone  
  44  3:50  Queen  
  47  3:55  Drone x2  
  47  3:56  Drone x4  
  47  3:58  Queen  
  54  4:07  Overlord  
  54  4:09  Drone x3  
  57  4:10  Overlord  
  57  4:18  Spore Crawler  
  57  4:19  Spore Crawler  
  57  4:20  Spore Crawler  
  57  4:22  Drone  
  57  4:23  Drone x2  
  57  4:24  Drone  
  58  4:31  Drone x2  
  58  4:32  Drone  
  58  4:33  Drone x3  
  64  4:39  Overlord  
  64  4:43  Drone  
  64  4:45  Overlord  
  65  4:49  Queen  
  66  4:53  Hatchery  
  63  5:03  Lair, Drone  
  63  5:04  Drone x7  
  63  5:05  Extractor  
  68  5:11  Drone x3  
  68  5:12  Drone x4  
  75  5:16  Zergling x6  
  78  5:22  Zergling x2  
  79  5:29  Evolution Chamber  
  79  5:34  Extractor x2  
  79  5:35  Zergling x10  
  81  5:40  Zergling x6  
  84  5:44  Queen x2  
  84  5:45  Extractor  
  84  5:46  Extractor  
  86  5:51  Drone x4  
  86  5:54  Overlord x2  
  86  5:56  Zerg Missile Weapons Level 1  
  90  5:57  Overlord  
  90  5:59  Hatchery  
  88  6:05  Hydralisk Den  
  88  6:06  Spore Crawler  
  88  6:07  Spore Crawler  
  88  6:09  Spore Crawler  
  88  6:11  Zergling x18  
  90  6:20  Queen  
  88  6:33  Zergling x2  
  85  6:45  Hydralisk x4  
  85  6:46  Hydralisk x4  
  98  7:01  Muscular Augments  
  93  7:04  Hydralisk x4  
  100  7:10  Drone x4  
  103  7:17  Drone x6  
  109  7:23  Hydralisk  
  109  7:24  Hydralisk  
  109  7:29  Spire  
  112  7:38  Hydralisk x4  
  120  7:47  Overseer  
  120  7:51  Spore Crawler  
  119  7:54  Drone  
  119  7:55  Drone x3  
  119  7:56  Drone  
  122  8:00  Drone  
  122  8:01  Drone x6  
  126  8:09  Extractor  
  125  8:14  Extractor  
  124  8:33  Drone x2  
  126  8:35  Overlord  
  126  8:36  Overlord x6  
  126  8:53  Mutalisk  
  126  8:54  Mutalisk x12  
  152  9:05  Hydralisk x6  
  152  9:07  Overlord  
  164  9:14  Hatchery  
  163  9:19  Hydralisk x6  
  175  9:28  Drone x4  
  179  9:36  Hydralisk x5  
  179  9:38  Overlord  
  189  9:56  Hydralisk  
  189  9:57  Overlord  
Show
View Real Time Build Order
Export as new Build Order

Has Protoss 

Build Orders: 1 Gate Expand, Oracle Opening 

Get SALT Encoding   

  12  0:00  Probe (Chrono Boost)  
  13  0:11  Probe (Chrono Boost)  
  14  0:18  Pylon  
  14  0:22  Probe (Chrono Boost)  
  15  0:36  Probe (Chrono Boost)  
  15  0:40  Gateway  
  16  0:47  Probe (Chrono Boost)  
  17  0:50  Assimilator  
  17  0:57  Probe (Chrono Boost)  
  18  1:08  Probe (Chrono Boost)  
  20  1:18  Probe (Chrono Boost)  
  20  1:22  Pylon  
  20  1:33  Nexus  
  20  1:36  Probe (Chrono Boost)  
  21  1:46  Probe (Chrono Boost)  
  22  1:50  Assimilator  
  22  1:55  Cybernetics Core  
  22  1:57  Probe (Chrono Boost)  
  22  1:59  Pylon  
  23  2:17  Probe (Chrono Boost)  
  24  2:28  Probe (Chrono Boost)  
  25  2:31  Adept (Chrono Boost)  
  25  2:32  Stargate  
  27  2:39  Probe  
  28  2:44  Probe  
  29  2:51  Probe  
  29  2:55  Probe, Adept (Chrono Boost)  
  33  3:03  Probe  
  34  3:05  Probe  
  35  3:15  Probe  
  35  3:17  Probe  
  37  3:21  Oracle (Chrono Boost)  
  40  3:27  Probe (Chrono Boost)  
  40  3:29  Pylon, Probe (Chrono Boost)  
  42  3:37  Probe (Chrono Boost)  
  42  3:40  Probe  
  44  3:47  Probe  
  44  3:49  Nexus  
  44  3:52  Pylon, Probe  
  44  3:54  Oracle (Chrono Boost)  
  49  3:58  Probe  
  50  4:04  Probe  
  50  4:06  Assimilator  
  50  4:08  Probe, Assimilator  
  51  4:17  Probe  
  53  4:18  Stargate  
  53  4:19  Probe  
  53  4:23  Stargate  
  54  4:29  Probe  
  54  4:30  Probe  
  55  4:35  Forge  
  56  4:40  Probe  
  56  4:41  Probe  
  56  4:43  Stargate  
  58  4:51  Probe  
  59  4:53  Probe  
  59  4:58  Oracle (Chrono Boost)  
  59  4:59  Probe  
  60  5:02  Probe  
  60  5:03  Assimilator  
  60  5:04  Assimilator  
  60  5:05  Probe  
  63  5:09  Oracle (Chrono Boost)  
  63  5:12  Nexus  
  66  5:15  Probe  
  66  5:17  Probe  
  66  5:18  Probe  
  66  5:19  Pylon  
  69  5:27  Probe  
  70  5:28  Probe  
  70  5:29  Probe  
  70  5:32  Oracle (Chrono Boost)  
  75  5:36  Oracle (Chrono Boost)  
  75  5:39  Probe  
  75  5:41  Probe x2  
  81  5:51  Probe  
  81  5:52  Oracle (Chrono Boost)  
  81  5:54  Photon Cannon  
  81  5:56  Pylon  
  85  5:59  Pylon  
  85  6:06  Probe  
  85  6:12  Pylon  
  85  6:14  Probe x2  
  85  6:15  Oracle x2 (Chrono Boost)  
  95  6:18  Probe  
  95  6:22  Oracle (Chrono Boost)  
  95  6:25  Probe  
  86  6:27  Probe x2  
  86  6:30  Probe  
  86  6:35  Probe  
  86  6:36  Oracle (Chrono Boost)  
  86  6:39  Probe x2  
  88  6:42  Probe  
  88  6:46  Probe, Oracle (Chrono Boost)  
  89  6:51  Probe x2  
  83  6:54  Probe  
  83  6:56  Probe  
  83  7:01  Oracle (Chrono Boost)  
  84  7:03  Probe x2  
  84  7:06  Probe  
  84  7:07  Probe  
  90  7:08  Photon Cannon  
  90  7:09  Oracle (Chrono Boost)  
  90  7:10  Photon Cannon  
  90  7:15  Probe x2  
  93  7:16  Oracle (Chrono Boost)  
  93  7:18  Probe  
  93  7:19  Probe, Assimilator  
  93  7:20  Assimilator  
  98  7:27  Probe x2  
  98  7:28  Photon Cannon, Probe  
  100  7:34  Photon Cannon  
  101  7:37  Stargate  
  101  7:39  Oracle (Chrono Boost)  
  101  7:41  Probe  
  101  7:43  Probe  
  106  7:45  Probe  
  106  7:46  Probe  
  108  7:53  Probe  
  108  7:55  Probe x2  
  111  7:58  Probe  
  111  8:01  Oracle x2 (Chrono Boost)  
  111  8:05  Probe  
  119  8:10  Oracle (Chrono Boost)  
  122  8:12  Photon Cannon  
  122  8:14  Pylon  
  122  8:15  Pylon  
  122  8:18  Probe  
  123  8:28  Photon Cannon  
  123  8:29  Photon Cannon  
  123  8:30  Probe  
  123  8:32  Probe x3, Oracle x2 (Chrono Boost)  
  132  8:37  Oracle (Chrono Boost)  
  136  8:47  Pylon, Oracle (Chrono Boost)  
  139  8:49  Pylon, Photon Cannon  
  139  8:52  Probe  
  140  9:05  Probe, Oracle x2 (Chrono Boost)  
  154  9:13  Oracle (Chrono Boost)  
  154  9:16  Fleet Beacon  
  154  9:24  Photon Cannon  
  154  9:25  Photon Cannon  
  154  9:27  Photon Cannon  
  154  9:30  Photon Cannon  
  154  9:34  Pylon  
  154  9:35  Pylon  
  156  9:38  Phoenix (Chrono Boost)  
  156  9:44  Pylon  
  155  9:46  Pylon  
  155  9:52  Pylon  
  148  10:03  Stargate  
  148  10:06  Stargate  
  144  10:07  Stargate  
  144  10:09  Photon Cannon  
  144  10:10  Stargate  
  144  10:11  Photon Cannon  
  144  10:13  Photon Cannon  
Tags
 
Add a new tag
Caveats
  • Supply blocks, unpowered buildings, or Contaminate may cause inaccurate times.
  • Supply counts are checked every 10 seconds.